 Dungeon Crawl Stone Soup version 0.19-a0-866-ga8d832c (webtiles) character file.

181709 Oktamerus the Severer (level 17, 0/154 HPs)
             Began as a Minotaur Fighter on July 3, 2016.
             Was the Champion of Okawaru.
             Drowned by a drowned soul (17 damage)
             ... summoned by a merfolk avatar
             ... on level 4 of the Shoals.
             The game lasted 01:59:20 (36156 turns).

Oktamerus the Severer (Minotaur Fighter)           Turns: 36156, Time: 01:59:20

Health: 0/154      AC: 28    Str: 27    XL:     17   Next: 68%
Magic:  28/28      EV: 20    Int:  6    God:    Okawaru [******]
Gold:   1193       SH: 18    Dex: 15    Spells: 3 memorised, 26 levels left

rFire  + . .     SeeInvis .     q - +7 broad axe of the Iron City of Dis {chop, rF+ rN+}
rCold  . . .     Gourm    .     e - +2 plate armour "Rateph" {Stlth+}
rNeg   + + .     Faith    .     E - +4 shield {AC+3}
rPois  .         Spirit   .     (helmet restricted)
rElec  +         Dismiss  .     H - +2 cloak of the Kettle-Drum {+Inv rN+ MR+}
rCorr  .         Reflect  .     (no gloves)
SustAt .         Harm     .     i - +2 pair of boots of the Merchant {Str+2}
MR     +++..                    I - amulet of rage
Stlth  ..........               D - +3 ring of dexterity
                                x - ring of Idorunucuo {MR+ EV+5}

@: about to teleport, mesmerised, extremely resistant to hostile enchantments,
extremely unstealthy
A: retaliatory headbutt, horns 2, electricity resistance
a: Heroism, Finesse, Renounce Religion, Evoke Berserk Rage, Evoke Invisibility


You were on level 4 of the Shoals.
You worshipped Okawaru.
Okawaru was exalted by your worship.
You were not hungry.

You visited 6 branches of the dungeon, and saw 29 of its levels.

You collected 2806 gold pieces.
You spent 1613 gold pieces at shops.

Inventory:

Hand Weapons
 q - the +7 broad axe of the Iron City of Dis (weapon) {chop, rF+ rN+}
   (Okawaru gifted it to you on level 3 of the Lair of Beasts)

   It inflicts extra damage upon your enemies.
   It protects you from fire.
   It protects you from negative energy.
 J - a +2 broad axe of freezing
 M - a +7 broad axe of flaming
 V - the +11 mace of Insomnia {crush, -Tele +Inv rC+++ MR-}
   (You took it off an orc on level 13 of the Dungeon)

   It inflicts extra damage upon your enemies.
   It renders you almost immune to cold.
   It affects your resistance to hostile enchantments.
   It lets you turn invisible.
   It prevents most forms of teleportation.
Armour
 e - the +2 plate armour "Rateph" (worn) {Stlth+}
   (You bought it in a shop on level 2 of the Orcish Mines)

   It makes you more stealthy.
 i - the +2 pair of boots of the Merchant (worn) {Str+2}
   (You bought it in a shop on level 2 of the Orcish Mines)

   It affects your strength (+2).
 k - a +0 cloak of poison resistance
 E - a +4 shield of protection (worn)
 H - the +2 cloak of the Kettle-Drum (worn) {+Inv rN+ MR+}
   (Okawaru gifted it to you on level 6 of the Lair of Beasts)

   It protects you from negative energy.
   It affects your resistance to hostile enchantments.
   It lets you turn invisible.
Jewellery
 x - the ring of Idorunucuo (left hand) {MR+ EV+5}
   (You found it on level 4 of the Shoals)

   [ring of evasion]

   It affects your evasion (+5).
   It affects your resistance to hostile enchantments.
 C - an uncursed ring of resist corrosion
 D - a +3 ring of dexterity (right hand)
 I - an amulet of rage (around neck)
 W - an uncursed ring of flight
Wands
 c - a wand of disintegration (10/24)
 d - a wand of heal wounds (0/9)
 h - a wand of confusion (34/48)
 p - a wand of teleportation (1/9)
 N - a wand of paralysis (8/24)
Scrolls
 n - 5 scrolls of magic mapping
 r - 2 scrolls of holy word
 u - 3 scrolls of amnesia
 w - 2 scrolls of identify
 y - 5 scrolls of immolation
 z - a scroll of blinking
 F - a scroll of fog
 O - a scroll of silence
 R - 6 scrolls of remove curse
Potions
 b - a potion of haste
 g - 3 potions of lignification
 j - 2 potions of magic
 o - 11 potions of curing
 t - a potion of brilliance
 v - 4 potions of ambrosia
 Z - a potion of mutation
Books
 m - a book of Dreams

   Spells                             Type                      Level
   a - Ensorcelled Hibernation        Hexes/Ice                    2
   b - Silence                        Hexes/Air                    5
   c - Darkness                       Hexes                        6
   d - Shadow Creatures               Summoning                    6
 B - a Grand Grimoire

   Spells                             Type                      Level
   a - Monstrous Menagerie            Summoning                    7
   b - Summon Greater Demon           Summoning                    7
   c - Malign Gateway                 Summoning/Translocation      7
   d - Summon Horrible Things         Summoning                    8
 G - a book of Necromancy

   Spells                             Type                      Level
   a - Pain                           Necromancy                   1
   b - Animate Skeleton               Necromancy                   1
   c - Vampiric Draining              Necromancy                   3
   d - Regeneration                   Charms/Necromancy            3
   e - Animate Dead                   Necromancy                   4
   f - Control Undead                 Necromancy                   4
 K - a book of Air

   Spells                             Type                      Level
   a - Shock                          Conjuration/Air              1
   b - Swiftness                      Charms/Air                   2
   c - Repel Missiles                 Charms/Air                   2
   d - Static Discharge               Conjuration/Air              3
   e - Lightning Bolt                 Conjuration/Air              5
Comestibles
 f - 13 bread rations
 l - 10 fruits
 s - 9 meat rations
 L - 7 chunks of flesh
 P - a beef jerky


   Skills:
 + Level 14.5 Fighting
 * Level 19.2 Axes
 + Level 14.6 Armour
 + Level 13.1 Dodging
 + Level 14.5 Shields
 + Level 8.7 Spellcasting
 - Level 4.0 Invocations
 + Level 5.6 Evocations


You had 26 spell levels left.
You knew the following spells:

 Your Spells              Type           Power        Failure   Level  Hunger
a - Repel Missiles        Chrm/Air       #.....       99%         2    ##.....
b - Blink                 Tloc           N/A          99%         2    ##.....
c - Regeneration          Chrm/Necr      #.........   100%        3    ###....


Dungeon Overview and Level Annotations

Branches:
Dungeon (15/15)            Temple (1/1) D:6            Lair (6/6) D:8
 Shoals (4/4) Lair:4       Spider (1/4) Lair:2        Slime (0/5) Lair:6
    Orc (2/2) D:11            Elf (0/3) Orc:2        Vaults (0/5) D:13
 Depths (0/5) D:15

Altars:
Ashenzari
Cheibriados
Dithmenos
Elyvilon
Fedhas
Gozag
Hepliaklqana
Kikubaaqudgha
Makhleb
Nemelex Xobeh
Okawaru
Pakellas
Qazlal
Ru
Sif Muna
Trog
Uskayaw
Vehumet
Xom
Yredelemnul
Zin
The Shining One
Beogh

Shops:
Orc:2 *(:}[

Portals:
Trove: D:11 (give horn of Geryon)


Innate Abilities, Weirdness & Mutations

You reflexively headbutt those who attack you in melee.
You have a pair of horns on your head.
You are resistant to electric shocks. (rElec)


Message History

You block the merfolk impaler's attack.
The merfolk avatar chants its luring song.
Evoke which item? (* to show all) (? for menu, Esc to quit)
Zapping:
p - a wand of teleportation (2/9)
Press: ? - help, Shift-Dir - straight line, f - you You feel strangely unstable.
This wand has 1 charge left.
The drowned soul returns to the deep!
The drowned soul touches you. The drowned soul drowns you!
* * * LOW HITPOINT WARNING * * *
You block the merfolk impaler's attack.
The merfolk avatar chants its luring song.
Unknown command.
Unknown command.
Your unstable footing causes you to fumble your attack.
You block the merfolk impaler's attack.
Unknown command.
Your unstable footing causes you to fumble your attack.
The merfolk impaler hits you but does no damage.
The drowned soul touches you. The drowned soul drowns you!
You die...

..≈## # ..###)....≈≈≈≈≈#≈≈#≈.
..## .≈. .##..........≈#≈...
..# w#. ..#............≈≈###
P.## Zw .≈ #............≈≈...
..(##C#.#.###..........≈≈≈≈..
.)##mmm≈...#≈..<......≈≈≈≈≈..
.§§#)mc# ###....m...≈≈≈≈≈≈..
%§))#######........≈≈≈≈≈≈≈≈..
%≈))#≈≈≈≈##.....@≈≈≈≈≈≈≈≈≈≈≈≈
%≈≈≈m≈..≈.....≈≈≈≈≈≈≈≈≈≈≈≈≈≈≈
≈≈≈≈≈%≈≈≈≈≈≈≈≈≈≈Wm≈≈≈≈≈W≈≈≈≈≈
≈≈≈≈≈≈≈≈≈≈≈≈≈≈≈≈≈≈≈≈≈≈≈≈≈≈≈≈≈
≈≈≈≈≈≈≈≈≈≈≈≈≈≈≈≈≈≈≈≈≈≈≈≈≈≈≈≈≈
≈≈≈≈≈≈≈≈≈≈≈≈≈≈≈≈≈≈≈≈≈≈≈≈≈≈≈≈≈
≈≈≈≈≈≈≈≈≈≈≈≈≈≈≈≈≈≈≈≈≈≈≈≈
≈≈≈≈≈≈≈≈≈≈≈≈≈W≈≈W≈≈≈≈≈≈≈
###################


You could see a merfolk avatar, a merfolk impaler and 4 drowned souls.

Vanquished Creatures
  Bai Suzhen (Shoals:3)
  Nikola (Shoals:2)
  Polyphemus (Shoals:3)
  Gastronok (D:8)
  A kraken (Shoals:1)
  Agnes (D:14)
  A frost giant (D:13)
  Maud (D:14)
  An orc warlord (Orc:2)
  2 entropy weavers (Spider:1)
  Nessos (D:12)
  A fire dragon (Shoals:3)
  2 merfolk javelineers (Shoals:4)
  8 merfolk impalers
  Fannar (Lair:2)
  3 ice dragons
  8 hydras
  3 catoblepae
  4 merfolk avatars
  2 death knights
  4 merfolk aquamancers (Shoals:4)
  7 centaur warriors
  A satyr (Shoals:4)
  An ogre mage (D:15)
  11 death yaks
  2 orc high priests (Orc:2)
  7 sea snakes
  4 skeletal warriors (D:14)
  An unseen horror (D:11)
  9 hill giants
  A deep elf archer (D:13)
  Pikel (D:6)
  A lindwurm (Lair:6)
  3 orc knights
  7 harpies
  2 phantasmal warriors (D:14)
  5 orb spiders (Spider:1)
  2 hornets
  13 griffons
  12 ugly things
  10 cyclopes
  7 orc sorcerers
  2 necromancers
  7 deep elf magi
  6 wolf spiders
  8 manticores
  A moth of wrath (Spider:1)
  3 fauns (Shoals:2)
  12 elephants (Lair:6)
  6 sirens
  A guardian serpent (Lair:6)
  7 black mambas
  4 centaur zombies
  7 water nymphs
  An ice statue (D:13)
  A naga mage (D:15)
  A rime drake (Lair:5)
  10 spiny frogs
  2 gargoyles
  2 kobold demonologists
  5 komodo dragons
  6 torpor snails (Lair:6)
  A freezing wraith (D:14)
  3 yaktaurs (D:15)
  3 demonic crawlers (Spider:1)
  9 jumping spiders (Spider:1)
  20 merfolk
  5 trolls
  A harpy zombie (D:15)
  3 meliai (D:14)
  4 wind drakes
  4 giant leeches (Lair:6)
  4 two-headed ogres
  3 polar bears
  12 blink frogs
  6 snapping turtles
  A raiju (shapeshifter) (D:12)
  An air elemental (D:12)
  3 shadows
  12 water elementals
  3 vampires
  28 redbacks (Spider:1)
  6 tarantellas (Spider:1)
  59 yaks
  9 wyverns
  6 wraiths
  Grum (D:10)
  A fire elemental (D:12)
  2 hogs (D:7)
  2 basilisks
  16 hippogriffs
  Menkaure (D:6)
  A steam dragon (D:13)
  3 wargs
  4 hungry ghosts
  2 mottled dragons (D:14)
  19 water moccasins
  9 porcupines
  5 black bears (D:7)
  30 orc warriors
  2 slaves (D:6)
  29 ice beasts
  3 sky beasts
  8 necrophages
  4 phantoms
  12 ogres
  10 wolves
  8 wasps
  An eye of draining (D:13)
  9 centaurs
  14 crocodiles
  4 big kobolds
  An earth elemental (D:12)
  17 giant frogs
  A wyvern zombie (D:13)
  A wyvern skeleton (D:14)
  3 scorpions
  13 wights
  7 killer bees
  8 electric eels
  A howler monkey (shapeshifter) (D:13)
  8 howler monkeys
  10 crimson imps
  5 giant frog zombies
  8 jellies
  22 orc wizards
  14 orc priests
  A water moccasin simulacrum (D:9)
  A giant frog skeleton (D:10)
  A gnoll shaman (D:6)
  5 hounds
  6 centaur skeletons
  9 iguanas
  18 worker ants
  26 sheep
  A wasp simulacrum (D:9)
  2 hound zombies
  2 hound skeletons (D:4)
  2 worker ant zombies (D:10)
  8 gnolls (D:6)
  14 adders
  33 river rats
  5 shadow imps
  2 white imps (D:9)
  An ooze (D:1)
  2 adder skeletons
  24 worms
  3 dart slugs
  6 giant geckos
  54 orcs
  8 bats
  8 giant cockroaches
  5 goblins
  8 hobgoblins
  16 jackals
  6 quokkas
  3 ball pythons (D:2)
  5 giant newts
  A jackal skeleton (D:4)
  34 kobolds
  A quokka skeleton (D:4)
  11 rats
  4 bushes (Shoals:3)
  10 fungi
  15 plants
  3 tentacles (Shoals:1)
1136 creatures vanquished.

Vanquished Creatures (others)
  A merfolk aquamancer (Shoals:4)
  A death yak (Shoals:3)
  A manticore (Shoals:3)
  A jumping spider (Spider:1)
  A shadow (D:12)
  A water elemental (D:13)
  2 bushes
  34 fungi
  56 plants
  11 tentacles
  424 tentacle segments (Shoals:1)
533 creatures vanquished.

Grand Total: 1669 creatures vanquished

Notes
Turn   | Place    | Note
-------+----------+-------------------------------------------
     0 | D:1      | Oktamerus the Minotaur Fighter began the quest for the Orb.
     0 | D:1      | Reached XP level 1. HP: 19/19 MP: 0/0
    36 | D:1      | Reached XP level 2. HP: 16/26 MP: 1/1
   652 | D:1      | Reached XP level 3. HP: 33/33 MP: 2/2
   720 | D:1      | Reached skill level 1 in Dodging
   867 | D:2      | Reached skill level 3 in Axes
  1262 | D:2      | Found a deep blue altar of Sif Muna.
  1360 | D:2      | Reached XP level 4. HP: 37/40 MP: 4/4
  1607 | D:2      | Found an iron altar of Okawaru.
  1625 | D:2      | Became a worshipper of Warmaster Okawaru
  1780 | D:3      | Found a shimmering altar of Xom.
  2384 | D:4      | Found a burning altar of Makhleb.
  2384 | D:4      | Noticed an ogre
  2390 | D:4      | Killed an ogre
  2390 | D:4      | Reached skill level 4 in Axes
  2390 | D:4      | Reached skill level 1 in Spellcasting
  2390 | D:4      | Reached XP level 5. HP: 46/46 MP: 5/5
  2417 | D:4      | Found a blossoming altar of Fedhas.
  2710 | D:4      | Reached XP level 6. HP: 50/53 MP: 6/6
  2749 | D:4      | Reached * piety under Okawaru
  2937 | D:4      | Found an opulent altar of Gozag.
  3052 | D:5      | Entered Level 5 of the Dungeon
  3084 | D:5      | Reached skill level 5 in Axes
  3506 | D:5      | Reached skill level 5 in Shields
  3506 | D:5      | Reached XP level 7. HP: 60/60 MP: 8/8
  3611 | D:5      | Found a stormy altar of Qazlal.
  3634 | D:5      | Reached skill level 5 in Armour
  3914 | D:6      | Reached skill level 5 in Fighting
  4278 | D:6      | Found a glowing golden altar of the Shining One.
  4366 | D:6      | Noticed Menkaure
  4374 | D:6      | Killed Menkaure
  4374 | D:6      | Reached ** piety under Okawaru
  4374 | D:6      | Reached skill level 6 in Axes
  4574 | D:6      | Found a radiant altar of Vehumet.
  4802 | D:6      | Found a basalt altar of Yredelemnul.
  4889 | D:6      | Noticed Pikel
  4907 | D:6      | Killed Pikel
  4907 | D:6      | Reached skill level 7 in Axes
  4907 | D:6      | Reached XP level 8. HP: 33/70 MP: 10/10
  5099 | D:6      | Got a pitted ring mail
  5110 | D:6      | Identified the +0 ring mail of Jioheacu {rElec rC+ MR- Stlth+} (You found it on level 6 of the Dungeon)
  5128 | D:6      | Found a staircase to the Ecumenical Temple.
  5138 | Temple   | Entered the Ecumenical Temple
  5272 | D:6      | Found a sacrificial altar of Ru.
  5336 | D:6      | Reached *** piety under Okawaru
  6009 | D:7      | Found a huge runed gate.
  6009 | D:7      | Noticed a griffon
  6010 | D:7      | Found a huge runed gate.
  6010 | D:7      | Found a huge runed gate.
  6010 | D:7      | Found a huge runed gate.
  6012 | D:7      | Noticed a polar bear
  6013 | D:7      | Noticed a griffon
  6285 | D:7      | Learned a level 2 spell: Repel Missiles
  6297 | D:7      | Found a hide-covered altar of Uskayaw.
  6312 | D:7      | Found a snail-covered altar of Cheibriados.
  6437 | D:7      | Reached XP level 9. HP: 75/75 MP: 12/12
  6579 | D:7      | Reached skill level 8 in Axes
  6774 | D:7      | Reached skill level 5 in Dodging
  6778 | D:7      | Reached **** piety under Okawaru
  6781 | D:7      | Reached skill level 9 in Axes
  6782 | D:7      | Killed a polar bear
  6822 | D:7      | Killed a griffon
  6822 | D:7      | Killed a griffon
  6822 | D:7      | Reached ***** piety under Okawaru
  6822 | D:7      | Reached XP level 10. HP: 24/86 MP: 14/14
  7152 | D:8      | Reached skill level 10 in Axes
  7437 | D:8      | Found a white marble altar of Elyvilon.
  7447 | D:8      | Noticed Gastronok
  7465 | D:8      | Killed Gastronok
  7465 | D:8      | Received a gift from Okawaru
  7753 | D:8      | Found a staircase to the Lair.
  7771 | D:8      | Received a gift from Okawaru
  7980 | D:8      | Reached skill level 11 in Axes
  8379 | D:9      | Gained mutation: You are resistant to electric shocks. (rElec) [potion of beneficial mutation]
  8438 | D:9      | Noticed a hill giant
  8449 | D:9      | Killed a hill giant
  8449 | D:9      | Reached XP level 11. HP: 95/95 MP: 16/16
  9166 | D:9      | Noticed a death yak
  9191 | D:9      | Killed a death yak
  9459 | D:10     | Entered Level 10 of the Dungeon
  9904 | D:10     | Noticed Grum
  9925 | D:10     | Killed Grum
 10490 | Lair:1   | Entered Level 1 of the Lair of Beasts
 10681 | Lair:1   | Reached skill level 12 in Axes
 10681 | Lair:1   | Reached skill level 5 in Spellcasting
 10691 | Lair:1   | Reached ****** piety under Okawaru
 11418 | Lair:2   | Noticed an eight-headed hydra
 11430 | Lair:2   | Killed an eight-headed hydra
 11657 | Lair:2   | Received a gift from Okawaru
 11882 | Lair:2   | Noticed Fannar
 11922 | Lair:2   | Noticed a six-headed hydra
 11922 | Lair:2   | Killed Fannar
 11922 | Lair:2   | Reached XP level 12. HP: 30/106 MP: 18/18
 11934 | Lair:2   | Killed a six-headed hydra
 11934 | Lair:2   | Reached skill level 10 in Armour
 12499 | Lair:2   | Found a hole to the Spider Nest.
 13028 | Lair:3   | Noticed a catoblepas
 13054 | Lair:3   | Killed a catoblepas
 13054 | Lair:3   | Reached skill level 10 in Fighting
 13054 | Lair:3   | Reached skill level 10 in Shields
 13371 | Lair:3   | Found a frozen archway.
 13564 | Lair:3   | Reached skill level 13 in Axes
 13706 | Lair:3   | Noticed a death yak
 13707 | Lair:3   | Noticed a death yak
 13709 | Lair:3   | Noticed a death yak
 13709 | Lair:3   | Noticed a death yak
 13712 | Lair:3   | Noticed a death yak
 13742 | Lair:3   | Killed a death yak
 13750 | Lair:3   | Killed a death yak
 13750 | Lair:3   | Received a gift from Okawaru
 13754 | Lair:3   | Killed a death yak
 13757 | Lair:3   | Got a crude broad axe {god gift}
 13858 | Lair:3   | Identified the +7 broad axe of the Iron City of Dis {chop, rF+ rN+} (Okawaru gifted it to you on level 3 of the Lair of Beasts)
 13914 | Lair:3   | Killed a death yak
 14493 | Lair:4   | Found a staircase to the Shoals.
 14498 | Lair:4   | Received a gift from Okawaru
 14766 | Lair:4   | Noticed a catoblepas
 14788 | Lair:4   | Killed a catoblepas
 15056 | Lair:4   | Reached XP level 13. HP: 114/114 MP: 20/20
 15087 | Lair:4   | Reached skill level 1 in Invocations
 15707 | Lair:5   | Received a gift from Okawaru
 15938 | Lair:5   | Reached skill level 14 in Axes
 16609 | Lair:6   | Entered Level 6 of the Lair of Beasts
 17236 | Lair:6   | Received a gift from Okawaru
 17719 | Lair:6   | Reached skill level 10 in Dodging
 17908 | Lair:6   | Reached XP level 14. HP: 124/124 MP: 22/22
 17970 | Lair:6   | Found a runed door.
 17980 | Lair:6   | Received a gift from Okawaru
 17989 | Lair:6   | Got a warped cloak {god gift}
 18000 | Lair:6   | Identified the +2 cloak of the Kettle-Drum {+Inv rN+ MR+} (Okawaru gifted it to you on level 6 of the Lair of Beasts)
 18029 | Lair:6   | Reached skill level 15 in Axes
 18685 | Lair:6   | Found a staircase to the Slime Pits.
 19492 | D:11     | Found a staircase to the Orcish Mines.
 19774 | D:11     | Found a portal to a secret trove of treasure.
 20093 | D:12     | Found a large runed door.
 20094 | D:12     | Found a large runed door.
 20385 | D:12     | Reached skill level 16 in Axes
 20462 | D:12     | Received a gift from Okawaru
 20703 | D:12     | Noticed Nessos
 20714 | D:12     | Killed Nessos
 20975 | D:13     | Found a gate to the Vaults.
 21530 | D:13     | Reached XP level 15. HP: 96/134 MP: 24/24
 21674 | D:13     | Got an encrusted cloak
 21685 | D:13     | Identified the +0 cloak "Epeohe" {Dex+10} (You found it on level 13 of the Dungeon)
 21727 | D:13     | Got a jewelled mace {crush}
 21728 | D:13     | Identified the +11 mace of Insomnia {crush, -Tele +Inv rC+++ MR-} (You took it off an orc on level 13 of the Dungeon)
 21738 | D:13     | Learned a level 2 spell: Blink
 21756 | D:13     | Got a translucent glass ring
 21758 | D:13     | Identified the ring of Sutsow {Fire Str+5 Int-4} (You found it on level 13 of the Dungeon)
 22613 | D:13     | Noticed a frost giant
 22826 | D:13     | Killed a frost giant
 24469 | D:14     | Noticed Agnes
 24485 | D:14     | Received a gift from Okawaru
 24493 | D:14     | Killed Agnes
 24545 | D:14     | HP: 6/134 [phantasmal warrior[a death knight] (28)]
 24954 | D:14     | Got a pitted hand axe {god gift}
 24955 | D:14     | Identified the +5 hand axe of Recklessness {chop, +Blink rPois MP+9 Dex+3} (Okawaru gifted it to you on level 14 of the Dungeon)
 25131 | D:14     | Noticed Maud
 25148 | D:14     | Killed Maud
 25148 | D:14     | Reached skill level 17 in Axes
 25331 | D:14     | Received a gift from Okawaru
 26015 | D:15     | Entered Level 15 of the Dungeon
 26241 | D:15     | Got a polished large shield
 26253 | D:15     | Identified the +5 large shield "Paimisas" {rC+++ MR- Dex+4} (You found it on level 15 of the Dungeon)
 26431 | D:15     | Reached skill level 1 in Evocations
 26606 | D:15     | Found a staircase to the Depths.
 27177 | D:15     | Received a gift from Okawaru
 27382 | D:13     | Reached XP level 16. HP: 144/144 MP: 26/26
 27457 | Orc:1    | Entered Level 1 of the Orcish Mines
 28123 | Orc:2    | Entered Level 2 of the Orcish Mines
 28128 | Orc:2    | Found Qusin's Antique Weapon Emporium.
 28291 | Orc:2    | Found Taisanlajeo's Quality Used Wands.
 28300 | Orc:2    | Bought a wand of heal wounds (0/9) for 360 gold pieces
 28310 | Orc:2    | Found Zodghap's Antique Armour Boutique.
 28352 | Orc:2    | Bought a distressingly furry plate armour for 868 gold pieces
 28352 | Orc:2    | Bought a pair of heavily runed boots for 294 gold pieces
 28363 | Orc:2    | Identified the +2 pair of boots of the Merchant {Str+2} (You bought it in a shop on level 2 of the Orcish Mines)
 28374 | Orc:2    | Identified the +2 plate armour "Rateph" {Stlth+} (You bought it in a shop on level 2 of the Orcish Mines)
 28451 | Orc:2    | Found Wueloat's Book Boutique.
 28544 | Orc:2    | Found Nasoh's General Store.
 28579 | Orc:2    | Received a gift from Okawaru
 28975 | Orc:2    | Found a staircase to the Elven Halls.
 28977 | Orc:2    | Bought a scroll of identify for 26 gold pieces
 28977 | Orc:2    | Bought a potion of heal wounds for 65 gold pieces
 28980 | Orc:2    | Found a roughly hewn altar of Beogh.
 29363 | Spider:1 | Entered Level 1 of the Spider Nest
 29758 | Spider:1 | Reached skill level 18 in Axes
 30889 | Spider:1 | Received a gift from Okawaru
 31543 | Shoals:1 | Entered Level 1 of the Shoals
 32243 | Shoals:1 | Noticed a kraken
 32262 | Shoals:1 | Killed a kraken
 32854 | Shoals:2 | Learned a level 3 spell: Regeneration
 32900 | Shoals:2 | Noticed Nikola
 33155 | Shoals:2 | Received a gift from Okawaru
 33390 | Shoals:2 | Killed Nikola
 33390 | Shoals:2 | Reached XP level 17. HP: 152/152 MP: 28/28
 33502 | Shoals:3 | Noticed Polyphemus
 33552 | Shoals:3 | Killed Polyphemus
 34393 | Shoals:3 | Noticed Bai Suzhen
 34411 | Shoals:3 | Killed Bai Suzhen
 34687 | Shoals:4 | Entered Level 4 of the Shoals
 34718 | Shoals:4 | Reached skill level 5 in Evocations
 34840 | Shoals:4 | Received a gift from Okawaru
 35056 | Shoals:4 | Got a twitching jade ring
 35057 | Shoals:4 | Identified the ring of Idorunucuo {MR+ EV+5} (You found it on level 4 of the Shoals)
 35319 | Shoals:4 | Reached skill level 19 in Axes
 36156 | Shoals:4 | Drowned by a drowned soul

Vault maps used:
D:1:      dpeg_arrival_pond, st_stairs_13
D:2:      led_sif_pool, old_standard_altar, minmay_shallow_snake_nest
D:3:      xom_butterflies, minivault_27
D:4:      bloody_makhleb, fedhas_altar_2, first_bread, grunt_gozag_statues
D:5:      kennysheep_kobold_camp, nicolae_qazlal_eye_of_the_storm
D:6:      nicolae_ru_great_annihilating_truth, lemuel_coloured_pillars_altar,
          nicolae_tso_carved_into_rock, marbit_many_paths, uniq_menkaure,
          uniq_pikel
D:7:      lemuel_bear_cage, minitemple
D:8:      kennysheep_mini_moat, due_lair_maze_entry_diamond, uniq_gastronok
D:9:      serial_ice, serial_ice_h, serial_ice_k, serial_ice_e, serial_ice_b
D:10:     blue_anna_alchemist, uniq_grum
D:11:     orc_0_dummy, trove_entry_hex_spiral, st_stairs_5,
          hangedman_corner_corridor
D:12:     serial_glass, glass_columns_b, glass_columns_a, glass_columns_a,
          glass_columns_a, lightli_elemental_guards, uniq_nessos
D:13:     minmay_twisted_water
D:14:     grunt_decor_cap, minmay_misc_feat_diagonals, uniq_agnes, uniq_maud
D:15:     grunt_enter_depths_magical_seal, lemuel_nasty_fountain
Temple:   dpeg_three_leaves_temple
Lair:2:   nicolae_spider_entry_non_spiders, serial_bayou_shore_b, uniq_fannar
Lair:3:   portal_ice_cave_entry_ice_beasts, serial_bayou_pond_b
Lair:4:   beast_lair_carwin_large_3, shoals_dummy_entry, roderic_carrion_pond
Lair:5:   fungi_pond_lemuel
Lair:6:   wormcave, hangedman_lair_tendril_chambers, dpeg_slime_entry_corner,
          pond
Shoals:2: uniq_nikola
Shoals:3: argonaut_golden_fleece, nicolae_shoals_dead_sea_scrolls,
          uniq_polyphemus, uniq_ilsuiw, uniq_bai_suzhen
Shoals:4: shoals_end_grunt_ice, shoals_ilsuiw_alternative
Spider:1: cheibrodos_spider_creepycove, spider_trap
Orc:2:    grunt_orc_gardens, grunt_orc_garden, grunt_orc_garden,
          grunt_orc_garden, grunt_orc_garden, basic_altar,
          nicolae_for_you_no_charge

Skill      XL: |  1  2  3  4  5  6  7  8  9 10 11 12 13 14 15 16 17 |
---------------+----------------------------------------------------+-----
Dodging        | 1 2 4 5 6 7 9 10 11 12 13 | 13.1
Axes           | 3 4 5 7 9 11 12 13 14 16 17 18 19 | 19.2
Shields        | 4 5 6 7 8 9 10 11 12 13 14 | 14.5
Armour         | 4 5 6 7 8 9 10 11 12 13 14 | 14.6
Fighting       | 4 5 6 7 8 9 10 11 12 13 14 | 14.5
Spellcasting   | 1 2 3 4 5 6 7 8 |  8.7
Invocations    | 4 |  4.0
Evocations     | 2 4 5 |  5.6

Action                   |  1- 3 |  4- 6 |  7- 9 | 10-12 | 13-15 | 16-18 || total
-------------------------+-------+-------+-------+-------+-------+-------++-------
Melee: War axe           |    96 |   129 |   197 |   642 |       |       ||  1064
       Headbutt          |     8 |    25 |    48 |   176 |   306 |   219 ||   782
       Whip              |       |       |       |    17 |    75 |       ||    92
       Broad axe         |       |       |       |    79 |  1164 |   918 ||  2161
       Mace              |       |       |       |       |     8 |       ||     8
Invok: Heroism           |       |       |     1 |       |       |       ||     1
       Finesse           |       |       |       |     1 |       |     2 ||     3
 Abil: Evoke Flight      |       |       |       |       |     9 |       ||     9
Evoke: Wand              |       |       |       |       |     1 |     3 ||     4
  Use: Scroll            |     6 |     6 |     4 |     9 |    12 |    11 ||    48
       Potion            |       |     1 |     2 |     7 |    11 |    10 ||    31
 Stab: Invisible         |       |       |     1 |       |     1 |     2 ||     4
       Petrified         |       |       |       |       |       |     1 ||     1
  Eat: Chunk             |     2 |     7 |    10 |    25 |    23 |    23 ||    90
       Royal jelly       |       |       |       |     1 |       |       ||     1
       Pizza             |       |       |       |     1 |     2 |       ||     3
       Bread ration      |       |       |       |     1 |       |       ||     1
       Beef jerky        |       |       |       |       |     4 |       ||     4
       Fruit             |       |       |       |       |    15 |     7 ||    22
Armor: Scale mail        |    28 |       |       |       |       |       ||    28
       Chain mail        |     6 |    78 |    54 |       |       |       ||   138
       Plate armour      |       |       |    48 |   305 |   357 |   294 ||  1004
Dodge: Dodged            |    28 |    39 |    62 |   197 |   338 |   391 ||  1055
Block: Shield            |    56 |    87 |   107 |   451 |   770 |   755 ||  2226
